 Dungeon Crawl Stone Soup version 0.27-a0-679-g77a6b55cf3 (webtiles) character file.

Game seed: 17399579545576650983

45 voidwright the Shield-Bearer (level 3, -1/24 HPs)
             Began as a Gargoyle Fighter on Mar 18, 2021.
             Slain by a hobgoblin
             ... wielding a +0 club
             ... led by Robin
              (2 damage)
             ... on level 2 of the Dungeon.
             The game lasted 00:03:56 (1134 turns).

voidwright the Shield-Bearer (Gargoyle Fighter)     Turns: 1134, Time: 00:03:57

Health: -1/24      AC: 13    Str: 20    XL:     3   Next: 64%
Magic:  0/3        EV:  7    Int:  8    God:
Gold:   78         SH:  9    Dex:  9    Spells: 2/2 levels left

rFire    . . .     SeeInvis +   a - +0 flail
rCold    . . .     Faith    .   c - +0 kite shield
rNeg     + . .     Spirit   +   b - +0 scale mail
rPois    ∞         Reflect  .   f - +2 helmet {SInv}
rElec    +         Harm     .   (no cloak)
rCorr    .         Rampage  .   (no gloves)
Will     .....                  (no boots)
Stlth    ..........             e - amulet of guardian spirit
HPRegen  0.08/turn              (no ring)
MPRegen  0.08/turn              (no ring)

@: mighty
A: AC +3, negative energy resistance 1, electricity resistance, torment
resistance 1, unbreathing 1, petrification resistance
a: no special abilities


You were on level 2 of the Dungeon.
You visited 1 branch of the dungeon, and saw 2 of its levels.

You collected 78 gold pieces.

Inventory:

Hand Weapons
 a - a +0 flail (weapon)
Armour
 b - a +0 scale mail (worn)
 c - a +0 kite shield (worn)
 f - a +2 helmet of see invisible (worn)
Jewellery
 e - an amulet of guardian spirit (around neck)
Scrolls
 g - a scroll of brand weapon {unknown}
 h - a scroll of summoning {unknown}


   Skills:
 + Level 3.8 Fighting
 + Level 2.2 Maces & Flails
 + Level 3.7 Armour
 + Level 0.2 Stealth
 + Level 4.0 Shields
 * Level 0.2 Spellcasting


You had 2 spell levels left.
You didn't know any spells.
Your spell library contained the following spells:

 Spells                   Type           Power      Damage    Failure   Level
 Confusing Touch          Hex            0%         N/A       100%        3
 Gell's Gravitas          Tloc           0%         N/A       100%        3
 Petrify                  Tmut/Erth      0%         N/A       100%        4
 Metabolic Englaciation   Hex/Ice        0%         N/A       100%        5
 Yara's Violent Unravell  Hex/Tmut       0%         3d3       100%        5


Dungeon Overview and Level Annotations

Branches:
Dungeon (2/15)

Altars:

Annotations:
D:2 Robin


Innate Abilities, Weirdness & Mutations

Your stone body is resilient. (AC +3)
You are immune to poison.
You resist negative energy. (rN+)
You are resistant to electric shocks. (rElec)
You are resistant to unholy torment.
You can survive without breathing.
You are immune to petrification.


Message History

You closely miss the goblin. You block the goblin's attack.
The goblin hits you with a +0 club.
The hobgoblin hits you but does no damage.
The goblin hits you but does no damage. The goblin closely misses you.
You block the hobgoblin's attack.
You hit the goblin.
The goblin is severely wounded.
The goblin hits you but does no damage. You block the goblin's attack.
The hobgoblin hits you but does no damage.
You hit the goblin.
You kill the goblin!
The goblin hits you but does no damage. The goblin hits you with a +0 dagger.
You block the hobgoblin's attack.
You closely miss the goblin. The goblin barely misses you.
You block the hobgoblin's attack. The goblin hits you but does no damage.
You sock the goblin!
You kill the goblin!
The hobgoblin hits you but does no damage.
The goblin hits you but does no damage. The goblin closely misses you.
You barely miss the hobgoblin.
The goblin no longer looks unusually strong.
You block the hobgoblin's attack. The goblin barely misses you.
The hobgoblin hits you but does no damage.
Robin roars a battlecry!
The goblin goes into a battle-frenzy!
You sock the hobgoblin!
You kill the hobgoblin!
The hobgoblin no longer looks unusually strong.
The goblin no longer looks unusually strong. x2
You block the goblin's attack. The hobgoblin hits you with a +0 club.
* * * LOW HITPOINT WARNING * * *
Robin throws the goblin at you! You block the goblin's attack. x2
The hobgoblin hits you with a +0 club.
* * * LOW HITPOINT WARNING * * *
Your Shields skill increases to level 4!
You feel very mighty all of a sudden.
The goblin no longer looks unusually strong.
The goblin hits you but does no damage. The goblin hits you with a +0 dagger.
The hobgoblin hits you with a +0 club.
You die...

#. ... # ..
..###. #....#
##...gg
....ggg##
...ggbg@#
.....g#g# ..###
#.## .# #..# #.#
##.###.# #.#
#..##.# ###.#
##.##.# ...#
#..#.# #..#
##.#.########..#


You could see Robin, 3 hobgoblins, 6 goblins and a bat.

Vanquished Creatures
  An adder (D:2)
  A dart slug (D:1)
  A leopard gecko (D:1)
  7 bats (D:1)
  A giant cockroach (D:1)
  7 goblins
  5 hobgoblins
  A jackal (D:1)
  3 kobolds (D:1)
  A frilled lizard (D:1)
  2 rats (D:1)
30 creatures vanquished.

Notes
Turn   | Place    | Note
-------+----------+-------------------------------------------
     0 | D:1      | voidwright the Gargoyle Fighter began the quest for the
                  | Orb.
     0 | D:1      | Reached XP level 1. HP: 14/14 MP: 1/1
    76 | D:1      | Reached XP level 2. HP: 19/19 MP: 2/2
   634 | D:1      | Reached XP level 3. HP: 22/24 MP: 3/3
  1122 | D:2      | Noticed Robin
  1133 | D:2      | HP: 1/24 [hobgoblin/+0 club[Robin] (6)]
  1134 | D:2      | Reached skill level 4 in Shields
  1134 | D:2      | Slain by a hobgoblin

Illustrated notes

Levels and vault maps discovered:
D:1:      dpeg_arrival_simpleton_a, layout_basic, st_stairs_4
D:2:      layout_basic, uniq_robin

Skill      XL: |  1  2  3 |
---------------+----------+-----
Shields        | 4 |  4.0
Fighting       | |  3.8
Maces & Flails | |  2.2
Armour         | |  3.7
Stealth        | |  0.2
Spellcasting   | |  0.2

Action                   || total
-------------------------++-------
Melee: Flail             ||   113
  Use: Potion            ||     3
Armor: Scale mail        ||   112
Dodge: Dodged            ||    50
Block: Kite shield       ||   101

Table legend: (Time is in decaauts)
 A = Elapsed time spent in this place.
 B = Non-inter-level travel time spent in this place.
 C = Inter-level travel time spent in this place.
 D = Time resting spent in this place.
 E = Time spent auto-exploring this place.
 F = Levels seen in this place.
 G = Mean time per level.
                   A        B        C        D        E       F      G
               +--------+--------+--------+--------+--------+-----+--------+
         Total |   1204 |   1204 |      0 |      0 |    664 |   2 |  602.0 |
       Dungeon |   1204 |   1204 |      0 |      0 |    664 |   2 |  602.0 |
               +--------+--------+--------+--------+--------+-----+--------+

Top non-repeatable levels by time:
     D:1: 1095 daAuts
     D:2: 108 daAuts
